 Dungeon Crawl Stone Soup version 0.23-a0-121-g4413648 (webtiles) character file.

16 drasked the Firebug (level 2, 0/15 HPs)
             Began as a Deep Elf Fire Elementalist on Aug 25, 2018.
             Slain by Terence
             ... wielding a cursed -3 hand axe
              (6 damage)
             ... on level 1 of the Dungeon.
             The game lasted 00:02:21 (946 turns).

drasked the Firebug (Deep Elf Fire Elementalist)     Turns: 946, Time: 00:02:22

Health: 0/15       AC:  3    Str:  5    XL:     2   Next: 37%
Magic:  1/8        EV: 13    Int: 19    God:
Gold:   41         SH:  0    Dex: 15    Spells: 7/8 levels left

rFire    . . .     SeeInvis .   l - +0 dagger (curse)
rCold    . . .     Gourm    .   (no shield)
rNeg     . . .     Faith    .   a - +0 robe
rPois    .         Spirit   .   i - +1 hat
rElec    .         Reflect  .   (no cloak)
rCorr    .         Harm     .   (no gloves)
MR       .....                  (no boots)
Stlth    ++........             (no amulet)
HPRegen  0.05/turn              (no ring)
MPRegen  0.11/turn              (no ring)

@: no status effects
A: no striking features
a: no special abilities


You were on level 1 of the Dungeon.
You were not hungry.

You visited 1 branch of the dungeon, and saw 2 of its levels.

You collected 41 gold pieces.

Inventory:

Hand Weapons
 f - a +0 club
   (You took it off a hobgoblin on level 1 of the Dungeon)
 l - a cursed +0 dagger (weapon)
   (You found it on level 1 of the Dungeon)
Armour
 a - a +0 robe (worn)
 i - a +1 hat (worn)
   (You found it on level 1 of the Dungeon)
Scrolls
 b - 2 scrolls of identify {unknown}
 g - a scroll of magic mapping {unknown}
Potions
 d - a potion of brilliance {unknown}
 e - a potion of heal wounds {unknown}
 h - a potion of magic {unknown}
 j - a potion of curing {unknown}
 k - 2 potions of flight {unknown}
Comestibles
 c - 4 rations


   Skills:
 - Level 2.4 Dodging
 - Level 2.4 Stealth
 + Level 3.5 Spellcasting
 + Level 1.7 Conjurations
 + Level 3.6 Fire Magic


You had 7 spell levels left.
You knew the following spells:

 Your Spells              Type           Power        Failure   Level  Hunger
a - Flame Tongue          Conj/Fire      ##...        4%          1    None

Your spell library contained the following spells:

 Spells                   Type           Power        Failure   Level  Hunger
 Throw Flame              Conj/Fire      ##....       8%          2    ##.....
 Conjure Flame            Conj/Fire      ##......     14%         3    ###....
 Inner Flame              Hex/Fire       ##......     21%         3    ###....
 Sticky Flame             Conj/Fire      ##......     43%         4    ####...
 Fireball                 Conj/Fire      ##........   80%         5    ######.


Dungeon Overview and Level Annotations

Branches:
Dungeon (2/15)

Altars:

Annotations:
D:1 Terence


Message History

It sticks to your hand!
l - a cursed +0 dagger (weapon)
A rat comes into view.
The helpless rat fails to defend itself.
You puncture the rat!
You kill the rat!
You see here 2 stones.
You see here a robe.
You see here a runed whip.
You see here a runed whip.
You now have 41 gold pieces (gained 13).
Partly explored, can't reach some items.
Partly explored, can't reach some items.
Partly explored, can't reach some items.
Partly explored, can't reach some items.
There is a stone staircase leading down here.
You climb downwards.
There is a stone staircase leading up here.
A bat comes into view.
A bat is nearby!
The helpless bat fails to defend itself.
You puncture the bat!
You kill the bat!
Terence the Incautious comes into view.
He is wielding a hand axe.
The helpless Terence fails to defend himself.
You hit Terence. Terence barely misses you.
Aim: Terence, wielding a hand axe and wearing a chain mail (moderately wounded)
The flame tongue hits Terence.
You now have 7/8 mp.
There is a stone staircase leading up here.
MP restored: 8 Terence says, "You're history."
A rat comes into view.
A goblin comes into view.
Aim: Terence, wielding a hand axe and wearing a chain mail (moderately wounded)
You miscast Flame Tongue.
You are very lightly contaminated with residual magic.
Nothing appears to happen.
Terence hits you but does no damage.
You now have 7/8 mp.
Aim: Terence, wielding a hand axe and wearing a chain mail (moderately wounded)
You miscast Flame Tongue.
You feel uncomfortably hot. Terence hits you with a hand axe.
You take 1 damage, and have 14/15 hp.
You now have 6/8 mp.
Aim: Terence, wielding a hand axe and wearing a chain mail (moderately wounded)
The flame tongue hits Terence.
Terence closely misses you.
You now have 5/8 mp.
Aim: Terence, wielding a hand axe and wearing a chain mail (moderately wounded)
The flame tongue hits Terence.
Terence hits you but does no damage.
You now have 4/8 mp.
Aim: Terence, wielding a hand axe and wearing a chain mail (heavily wounded)
The flame tongue hits Terence.
Terence appears unharmed.
Terence hits you with a hand axe.
You take 1 damage, and have 13/15 hp.
You now have 3/8 mp.
Aim: Terence, wielding a hand axe and wearing a chain mail (heavily wounded)
The flame tongue hits Terence.
Terence appears unharmed.
Terence barely misses you.
You now have 2/8 mp.
Aim: Terence, wielding a hand axe and wearing a chain mail (heavily wounded)
The flame tongue hits Terence.
Terence appears unharmed.
Terence misses you.
You now have 1/8 mp.
Aim: Terence, wielding a hand axe and wearing a chain mail (heavily wounded)
The flame tongue hits Terence.
Terence appears unharmed.
Terence hits you but does no damage.
You now have 0/8 mp.
There is a stone staircase leading up here.
Terence closely misses you.
You climb upwards.
There is a stone staircase leading down here.
Terence hits you with a hand axe.
You take 2 damage, and have 12/15 hp.
Aim: Terence, wielding a hand axe and wearing a chain mail (heavily wounded)
The flame tongue hits Terence.
You now have 1/8 mp.
You see here a scale mail.
Aim: Terence, wielding a hand axe and wearing a chain mail (almost dead)
You miscast Flame Tongue.
Sparks fly from your hands! Terence barely misses you.
You now have 1/8 mp.
Aim: Terence, wielding a hand axe and wearing a chain mail (almost dead)
The flame tongue hits Terence.
Terence appears unharmed.
Terence barely misses you.
You now have 1/8 mp.
Aim: Terence, wielding a hand axe and wearing a chain mail (almost dead)
The flame tongue hits Terence.
Terence barely misses you.
You now have 1/8 mp.
Terence hits you with a hand axe.
You see here a runed whip.
You take 2 damage, and have 11/15 hp.
Terence says, "Don't bother to defend, it's senseless."
Aim: Terence, wielding a hand axe and wearing a chain mail (almost dead)
The flame tongue hits Terence.
Terence appears unharmed.
You now have 1/8 mp.
Your magical contamination has completely faded away.
Terence hits you with a hand axe.
You take 6 damage, and have 6/15 hp.
MASSIVE DAMAGE!!
Aim: Terence, wielding a hand axe and wearing a chain mail (almost dead)
The flame tongue hits Terence.
Terence appears unharmed.
Terence hits you with a hand axe.
You die...

######## #......# #......#
#.#.#..# #......# ##...#.#
####.#.#.######
######.........##...
#..@@..........##...
#.####...#.#...##... ########
#.#....#......###...
.......#######.#.##.#.####.###...
.................................
###.#.########......#.####.#.#†..
###.#.# ####.####.#..........
......#######.........#..........
...........##.##.######..........


You could see Terence.

Vanquished Creatures
  2 dart slugs (D:1)
  2 goblins (D:1)
  A hobgoblin (D:1)
  A bat (D:2)
  2 frilled lizards (D:1)
  2 kobolds (D:1)
  3 rats (D:1)
13 creatures vanquished.

Notes
Turn   | Place    | Note
-------+----------+-------------------------------------------
     0 | D:1      | drasked the Deep Elf Fire Elementalist began the quest for the Orb.
     0 | D:1      | Reached XP level 1. HP: 10/10 MP: 6/6
   327 | D:1      | Reached XP level 2. HP: 11/15 MP: 5/8
   858 | D:2      | Noticed Terence
   946 | D:1      | Slain by Terence

Vault maps used:
D:1:      lemuel_arrival_lava_pool, minmay_misc_feat_five, minmay_misc_feat_rows
D:2:      uniq_terence

Action                   || total
-------------------------++-------
Melee: Dagger            ||     3
 Cast: Flame Tongue      ||    29
 Stab: Sleeping          ||     3
Armor: Robe              ||     1
Dodge: Dodged            ||    12

Table legend:
 A = Non-vault XP
 B = Vault XP
 C = Vault XP percentage of total XP
 D = Non-vault monster count
 E = Vault monster count
 F = Vault count percentage of total count
                 A         B        C        D         E       F
            +---------+---------+-------+---------+---------+-------
      Total |      23 |       0 |   0.0 |      13 |       0 |   0.0
            +---------+---------+-------+---------+---------+-------
        D:1 |      22 |       0 |   0.0 |      12 |       0 |   0.0
        D:2 |       1 |       0 |   0.0 |       1 |       0 |   0.0
            +---------+---------+-------+---------+---------+-------

Vault maps used:
D:1:      lemuel_arrival_lava_pool, minmay_misc_feat_five, minmay_misc_feat_rows
D:2:      uniq_terence

Table legend:
 A = Turns spent in this place as a percentage of turns spent in the entire game.
 B = Non-inter-level travel turns spent in this place as a percentage of non-inter-level travel turns spent in the entire game.
 C = Inter-level travel turns spent in this place as a percentage of turns spent in this place.
 D = Turns resting spent in this place as a percentage of non-inter-level travel turns spent in this place.
 E = Turns spent auto-exploring this place as a percentage of non-inter-level travel turns spent in this place.
 F = Non-inter-level travel turns spent in this place divided by the number of levels of this place that you've seen.
                   A       B       C       D       E      F
               +-------+-------+-------+-------+-------+----------------------
         Total | 100.0 | 100.0 |   3.6 |  13.9 |  65.2 | 456.0
       Dungeon | 100.0 | 100.0 |   3.6 |  13.9 |  65.2 | 456.0
               +-------+-------+-------+-------+-------+----------------------

Table legend:
 A = Kills in this place as a percentage of kills in entire the game.
 B = Kills by you in this place as a percentage of kills by you in the entire game.
 C = Kills by friends in this place as a percentage of kills by friends in the entire game.
 D = Other kills in this place as a percentage of other kills in the entire game.
 E = Experience gained in this place as a percentage of experience gained in the entire game.
 F = Experience gained in this place divided by the number of levels of this place that you have seen.
                   A       B       C       D       E      F
               +-------+-------+-------+-------+-------+----------------------
         Total | 100.0 | 100.0 |   N/A |   N/A | 100.0 |  11.5
       Dungeon | 100.0 | 100.0 |   N/A |   N/A | 100.0 |  11.5
               +-------+-------+-------+-------+-------+----------------------
